Get step-by-step instructions on how to execute this build order below. Start the game timer, and the build order will tick by so you can play in parallel with StarCraft on a second screen or mobile device.

Game Time

  0:00

Last Step

  N/A

Next Step

Upcoming Step



Don't want to look back and forth between 2 screens? Try out our Overwolf App, the Spawning Tool Build Advisor to get an in-game overlay with this build!

Complete Build Order

  12  0:01  Probe  
  13  0:13  Probe  
  14  0:19  Pylon  
  14  0:27  Probe  
  15  0:39  Gateway  
  15  0:48  Probe  
  16  0:56  Assimilator  
  16  0:57  Probe  
  16  1:01  Gateway  
  17  1:05  Probe  
  18  1:14  Probe  
  19  1:26  Probe  
  19  1:31  Cybernetics Core  
  20  1:36  Pylon  
  20  1:44  Probe  
  21  1:48  Assimilator  
  21  1:56  Probe  
  22  2:06  Stalker  
  22  2:08  Probe, Stalker  
  27  2:28  Probe  
  28  2:41  Probe, Sentry  
  28  2:42  Warp Gate  
  31  2:58  Pylon  
  31  3:02  Pylon  
  31  3:10  Pylon  
  31  3:16  Probe  
  32  3:33  Twilight Council  
  32  4:01  Gateway  
  32  4:03  Gateway  
  32  4:19  Charge  
  32  4:27  Robotics Facility  
  32  4:29  Robotics Facility  
  32  4:34  Zealot x2  
  36  4:58  Zealot x2  
  36  4:59  Zealot  
  42  5:15  Templar Archives  
  44  5:34  Adept x4  
  30  6:01  High Templar  
  30  6:04  Zealot x2  
  26  6:27  Stalker x2